 Dungeon Sprint DCSS version 0.27-a0-385-g3208abaabc (webtiles) character file.

Game seed: 16027869227002636154

15480 mhtbhm the Severer (level 12, -25/122 HPs)
             Began as a Minotaur Fighter on Feb 19, 2021.
             Was the Champion of Okawaru.
             Killed from afar by a Hell Sentinel (42 damage)
             ... with damnation
             ... summoned by Dispater
             ... in the Dungeon (Sprint VII: "The Pits").
             The game lasted 00:05:07 (3656 turns).

mhtbhm the Severer (Minotaur Fighter)               Turns: 3656, Time: 00:05:08

Health: -25/122    AC: 21    Str: 31    XL:     12   Next: 1%
Magic:  10/11      EV: 12    Int: 11    God:    Okawaru [******]
Gold:   66         SH: 15    Dex: 11    Spells: 11/11 levels left

rFire    . . .     SeeInvis .   a - +5 broad axe (elec)
rCold    + + .     Faith    .   c - +0 kite shield
rNeg     . . .     Spirit   .   b - +4 chain mail
rPois    .         Reflect  .   (helmet restricted)
rElec    .         Harm     .   (no cloak)
rCorr    .         Rampage  .   s - +0 pair of gloves
Will     .....     NoTele   +   q - +0 pair of boots
Stlth    ..........             (no amulet)
HPRegen  0.30/turn              o - +3 ring of strength
MPRegen  0.12/turn              x - ring of Siacsual {*Contam rC++ Str+3 Int+6}

@: mighty, berserk cooldown, hasted and slowed
A: retaliatory headbutt, horns 2
a: Renounce Religion, Heroism, Finesse


You were in the Dungeon.
You worshipped Okawaru.
Okawaru was exalted by your worship.
You visited 1 branch You collected 66 gold pieces.

Inventory:

Hand Weapons
 a - a +5 broad axe of electrocution (weapon)
Missiles
 t - 10 poisoned darts (quivered)
Armour
 b - a +4 chain mail (worn)
 c - a +0 kite shield (worn)
 q - a +0 pair of boots (worn)
 s - a +0 pair of gloves (worn)
Jewellery
 o - a +3 ring of strength (left hand)
 w - a ring of willpower
 x - the ring of Siacsual (right hand) {*Contam rC++ Str+3 Int+6}
   (You found it in the Dungeon)

   [ring of intelligence]

   It affects your strength (+3).
   It affects your intelligence (+6).
   It greatly protects you from cold.
   It causes magical contamination when unequipped.
Scrolls
 j - a scroll of blinking
 l - 5 scrolls of amnesia
 m - a scroll of summoning
 y - a scroll of fog
 z - 3 scrolls of fear
Potions
 d - 2 potions of might
 e - 5 potions of curing
 f - 17 potions of heal wounds
 g - 3 potions of haste
 h - 4 potions of magic
 i - 3 potions of berserk rage
 k - 2 potions of invisibility
 n - a potion of ambrosia
 u - a potion of mutation
Miscellaneous
 v - a phantom mirror


   Skills:
 + Level 16.2 Fighting
 + Level 19.5 Axes
 + Level 15.9 Armour
 + Level 6.7 Dodging
 + Level 2.9 Stealth
 + Level 17.0 Shields


You had 11 spell levels left.
You didn't know any spells.
Your spell library was empty.

Dungeon Overview and Level Annotations

Branches:
Dungeon (1/1)

Altars:
Ashenzari
Cheibriados
Dithmenos
Elyvilon
Fedhas
Gozag
Hepliaklqana
Kikubaaqudgha
Makhleb
Nemelex Xobeh
Okawaru
Qazlal
Ru
Sif Muna
Trog
Uskayaw
Vehumet
Wu Jian
Xom
Yredelemnul
Zin
The Shining One
Beogh
Jiyva
Lugonu

Annotations:
D Dispater, Sonja


Innate Abilities, Weirdness & Mutations

You reflexively headbutt those who attack you in melee.
You have a pair of horns on your head.


Message History

The Hell Sentinel hits you!!
* * * LOW HITPOINT WARNING * * *
The Hell Sentinel hits you but does no damage.
You hit Dispater but do no damage.
Dispater is moderately wounded.
You hit the Hell Sentinel.
Unknown command.
You slice Dispater!!
Dispater is moderately wounded.
You hit the Hell Sentinel.
You block the Hell Sentinel's attack. x2
Dispater hits you with the +4 staff of Dispater!!
* * * LOW HITPOINT WARNING * * *
Unknown command.
You slash Dispater!
You headbutt Dispater, but do no damage.
Dispater is moderately wounded.
You hit the Hell Sentinel but do no damage.
Unknown command.
You hit Dispater.
You headbutt Dispater, but do no damage.
Dispater is moderately wounded.
You slice the Hell Sentinel!! The Hell Sentinel gestures at you.
The iron shot misses you. You block Dispater's attack.
Unknown command.
You hit Dispater.
You headbutt Dispater, but do no damage.
Dispater is moderately wounded.
You slash the Hell Sentinel!
Unknown command.
You hit Dispater but do no damage.
You headbutt Dispater, but do no damage.
Dispater is moderately wounded.
You slash the Hell Sentinel!
You are no longer berserk.
You are exhausted.
You feel yourself slow down. The Hell Sentinel gestures at you.
The sphere of damnation explodes!
The damnation engulfs you!!!
You die...

#+# #.# #'#
######################'#
.............§§§@&.....#
.............§§§§1§....#
#####++##############..#
#..# #†.# #..# #..# #..#
#..#


You could see Dispater and a Hell Sentinel (summoned).

Vanquished Creatures
  Erica (D)
  A death knight (D)
  3 death yaks (D)
  A sun demon (D)
  A fire crab (D)
  An unseen horror (D)
  A sea snake (D)
  2 deep trolls (D)
  A flayed ghost (D)
  A bog body (D)
  A swamp dragon (D)
  A wizard (D)
  A lindwurm (D)
  An orc knight (D)
  A cyclops (D)
  A manticore (D)
  A merfolk siren (D)
  A gargoyle (D)
  A black mamba (D)
  A cane toad (D)
  A hellwing (D)
  A troll (D)
  A guardian mummy (D)
  A jumping spider (D)
  2 tyrant leeches (D)
  5 dream sheep (D)
  Sigmund (D)
  A snapping turtle (D)
  A redback (D)
  3 yaks (D)
  A fire bat (D)
  A wraith (D)
  Grum (D)
  Menkaure (D)
  2 acid dragons (D)
  An orc warrior (D)
  A black bear (D)
  A swamp drake (D)
  An ogre (D)
  A centaur (D)
  2 wolves (D)
  3 phantoms (D)
  A scorpion (D)
  6 killer bees (D)
  A jelly (D)
  2 hounds (D)
  Terence (D)
  A worker ant (D)
  2 river rats (D)
  An ooze (D)
  An adder skeleton (D)
  A worm (D)
  2 leopard geckos (D)
  5 orcs (D)
  A giant cockroach (D)
  A goblin (D)
  A hobgoblin (D)
  3 jackals (D)
  A quokka (D)
  A ball python skeleton (D)
  A bat (D)
  A frilled lizard (D)
  A giant cockroach simulacrum (D)
  A rat (D)
92 creatures vanquished.

Notes
Turn   | Place    | Note
-------+----------+-------------------------------------------
     0 | D        | mhtbhm the Minotaur Fighter began the quest for the Orb.
     0 | D        | Reached XP level 1. HP: 19/19 MP: 0/0
    25 | D        | Found a bloodstained altar of Trog.
    25 | D        | Found a shimmering blue altar of Sif Muna.
    25 | D        | Found a viscous altar of Jiyva.
    25 | D        | Found a hazy altar of Hepliaklqana.
    25 | D        | Found an opulent altar of Gozag.
    26 | D        | Found a glowing golden altar of the Shining One.
    26 | D        | Found a glowing silver altar of Zin.
    26 | D        | Found a basalt altar of Yredelemnul.
    26 | D        | Found a shimmering altar of Xom.
    26 | D        | Found an ornate altar of the Wu Jian Council.
    26 | D        | Found a sacrificial altar of Ru.
    26 | D        | Found a stormy altar of Qazlal.
    26 | D        | Found an iron altar of Okawaru.
    26 | D        | Found a sparkling altar of Nemelex Xobeh.
    26 | D        | Found a burning altar of Makhleb.
    26 | D        | Found a blossoming altar of Fedhas.
    26 | D        | Found a white marble altar of Elyvilon.
    26 | D        | Found a shadowy altar of Dithmenos.
    26 | D        | Found a snail-covered altar of Cheibriados.
    28 | D        | Found a radiant altar of Vehumet.
    28 | D        | Found a corrupted altar of Lugonu.
    28 | D        | Found a roughly hewn altar of Beogh.
    30 | D        | Found an ancient bone altar of Kikubaaqudgha.
    30 | D        | Found a hide-covered altar of Uskayaw.
    30 | D        | Found a broken altar of Ashenzari.
    34 | D        | Became a worshipper of Warmaster Okawaru
    92 | D        | Reached XP level 2. HP: 28/28 MP: 1/1
   204 | D        | Reached skill level 3 in Axes
   205 | D        | Reached skill level 5 in Armour
   213 | D        | Reached skill level 5 in Fighting
   213 | D        | Reached skill level 5 in Shields
   559 | D        | Noticed a phantom
   560 | D        | Noticed a fire bat
   560 | D        | Noticed a phantom
   565 | D        | Reached skill level 4 in Axes
   565 | D        | Reached XP level 3. HP: 37/37 MP: 2/2
   584 | D        | Killed a phantom
   585 | D        | Reached skill level 5 in Axes
   585 | D        | Reached skill level 1 in Dodging
   585 | D        | Reached XP level 4. HP: 15/45 MP: 3/3
   590 | D        | Killed a phantom
   590 | D        | Reached * piety under Okawaru
   591 | D        | Reached skill level 6 in Axes
   591 | D        | Reached XP level 5. HP: 17/52 MP: 4/4
   607 | D        | Killed a fire bat
   607 | D        | Reached ** piety under Okawaru
   608 | D        | Reached skill level 7 in Axes
   608 | D        | Reached XP level 6. HP: 12/61 MP: 5/5
   795 | D        | Noticed Sigmund
   803 | D        | Killed Sigmund
   804 | D        | Reached skill level 8 in Axes
   804 | D        | Reached skill level 10 in Armour
   804 | D        | Reached skill level 10 in Shields
   804 | D        | Reached XP level 7. HP: 49/69 MP: 6/6
   900 | D        | Noticed a wraith
   912 | D        | Killed a wraith
   913 | D        | Reached skill level 9 in Axes
   963 | D        | Noticed a dream sheep
   963 | D        | Noticed a dream sheep
   963 | D        | Noticed a dream sheep
   963 | D        | Noticed a dream sheep
   963 | D        | Noticed a yak
   963 | D        | Noticed a yak
   963 | D        | Noticed a dream sheep
   963 | D        | Noticed a yak
   973 | D        | Killed a yak
   973 | D        | Reached *** piety under Okawaru
   980 | D        | HP: 3/70 [dream sheep (7)]
   985 | D        | Killed a dream sheep
   986 | D        | Reached skill level 10 in Axes
   986 | D        | Reached skill level 1 in Stealth
   986 | D        | Reached XP level 8. HP: 28/78 MP: 7/7
   992 | D        | Killed a dream sheep
   994 | D        | Killed a dream sheep
   995 | D        | Reached skill level 11 in Axes
  1001 | D        | Reached **** piety under Okawaru
  1002 | D        | Reached skill level 10 in Fighting
  1007 | D        | HP: 2/79 [dream sheep (2)]
  1008 | D        | Killed a dream sheep
  1011 | D        | Killed a dream sheep
  1012 | D        | Reached XP level 9. HP: 3/86 MP: 8/8
  1048 | D        | Got the +1 broad axe of the Shining Light {venom, rC+ Str+3
                  | SInv}
  1411 | D        | Noticed a death yak
  1413 | D        | Noticed an unseen horror
  1421 | D        | Killed a death yak
  1421 | D        | Killed an unseen horror
  1422 | D        | Reached skill level 13 in Axes
  1422 | D        | Reached skill level 5 in Dodging
  1551 | D        | Noticed a cane toad
  1551 | D        | Noticed a black mamba
  1553 | D        | Reached ***** piety under Okawaru
  1567 | D        | Killed a black mamba
  1568 | D        | Reached skill level 14 in Axes
  1572 | D        | Killed a cane toad
  1573 | D        | Reached XP level 10. HP: 88/97 MP: 9/9
  1612 | D        | Noticed a wizard
  1613 | D        | Noticed a gargoyle
  1623 | D        | Killed a wizard
  1623 | D        | Received a gift from Okawaru
  1624 | D        | Reached skill level 15 in Axes
  1631 | D        | Killed a gargoyle
  1782 | D        | Noticed a death yak
  1791 | D        | Killed a death yak
  1792 | D        | Reached skill level 16 in Axes
  1801 | D        | Noticed a deep troll
  1805 | D        | Noticed Erica
  1808 | D        | Killed a deep troll
  1826 | D        | Killed Erica
  1826 | D        | Received a gift from Okawaru
  1827 | D        | Reached skill level 15 in Shields
  2089 | D        | Noticed Terence
  2094 | D        | Killed Terence
  2095 | D        | Reached skill level 17 in Axes
  2113 | D        | Reached XP level 11. HP: 93/108 MP: 10/10
  2138 | D        | Reached skill level 15 in Armour
  2218 | D        | Noticed a sun demon
  2218 | D        | Noticed a death yak
  2218 | D        | Noticed Menkaure
  2218 | D        | Noticed a swamp dragon
  2218 | D        | Noticed a deep troll
  2218 | D        | Noticed a sea snake
  2223 | D        | Noticed Sonja
  2226 | D        | Killed a swamp dragon
  2233 | D        | Killed a sun demon
  2241 | D        | Killed a deep troll
  2246 | D        | Killed a sea snake
  2246 | D        | Reached ****** piety under Okawaru
  2247 | D        | Reached skill level 18 in Axes
  2250 | D        | Killed a death yak
  2251 | D        | Killed Menkaure
  2607 | D        | Got the ring of Siacsual {*Contam rC++ Str+3 Int+6}
  2700 | D        | Noticed Grum
  2709 | D        | Killed Grum
  2807 | D        | Noticed an orc knight
  2807 | D        | Noticed a lindwurm
  2814 | D        | Killed a lindwurm
  2815 | D        | Reached skill level 15 in Fighting
  2818 | D        | Killed an orc knight
  2818 | D        | Received a gift from Okawaru
  2970 | D        | Noticed a death knight
  2975 | D        | Reached skill level 19 in Axes
  2979 | D        | Killed a death knight
  3152 | D        | Noticed a flayed ghost
  3166 | D        | Killed a flayed ghost
  3479 | D        | Noticed a bog body
  3479 | D        | Noticed a fire crab
  3482 | D        | Killed a bog body
  3486 | D        | Killed a fire crab
  3493 | D        | Reached XP level 12. HP: 83/122 MP: 11/11
  3626 | D        | Found the +4 staff of Dispater
  3626 | D        | Noticed Dispater
  3635 | D        | Noticed a Hell Sentinel
  3656 | D        | Killed from afar by a Hell Sentinel

Illustrated notes

Levels and vault maps discovered:
D:        pitsprint [storerooms_1, entrance_room_1, metal_vault_3, armoury_2,
          mini_pit_1, grid_room_1, main_hall_1, silver_pit, the_coven_1,
          the_vestibule_1, steel_vault_5, golden_pit, hallway_of_sentries,
          crystal_vault_4, iron_vault_4, final_vault]

Skill      XL: |  1  2  3  4  5  6  7  8  9 10 11 |
---------------+----------------------------------+-----
Fighting       | 4 5 6 7 8 9 10 12 13 16 | 16.2
Armour         | 4 6 7 8 9 10 11 12 14 15 | 15.9
Shields        | 4 5 6 7 9 10 11 13 14 15 17 | 17.0
Axes           | 4 5 6 7 8 10 11 14 17 19 | 19.5
Dodging        | 1 2 3 4 5 6 |  6.7
Stealth        | 1 2 |  2.9

Action                   |  1- 3 |  4- 6 |  7- 9 | 10-12 || total
-------------------------+-------+-------+-------+-------++-------
Melee: Hand axe          |    42 |    24 |    66 |       ||   132
       War axe           |     3 |       |       |       ||     3
       Headbutt          |     7 |     5 |    24 |    40 ||    76
       Broad axe         |       |       |    28 |   150 ||   178
Invok: Heroism           |       |       |       |     1 ||     1
  Use: Potion            |       |       |     3 |     7 ||    10
       Scroll            |       |       |       |     4 ||     4
Armor: Scale mail        |    10 |       |       |       ||    10
       Chain mail        |    24 |    12 |    35 |    41 ||   112
Dodge: Dodged            |    19 |     4 |    29 |    42 ||    94
Block: Kite shield       |    30 |    14 |    49 |    83 ||   176

Table legend: (Time is in decaauts)
 A = Elapsed time spent in this place.
 B = Non-inter-level travel time spent in this place.
 C = Inter-level travel time spent in this place.
 D = Time resting spent in this place.
 E = Time spent auto-exploring this place.
 F = Levels seen in this place.
 G = Mean time per level.
                   A        B        C        D        E       F      G
               +--------+--------+--------+--------+--------+-----+--------+
         Total |   3626 |   3626 |      0 |   2307 |    410 |   1 | 3626.0 |
       Dungeon |   3626 |   3626 |      0 |   2307 |    410 |   1 | 3626.0 |
               +--------+--------+--------+--------+--------+-----+--------+

Top non-repeatable levels by time:
       D: 3626 daAuts
